 Dungeon Crawl Stone Soup version 0.24-a0-136-gad582e5 (webtiles) character file.

Game seed: 16165224487463756257

95 snowfan the Firebug (level 4, 0/30 HPs)
             Began as a Mummy Fire Elementalist on Feb 28, 2019.
             Slain by a gnoll
             ... wielding a +0 halberd
              (3 damage)
             ... on level 3 of the Dungeon.
             The game lasted 00:08:04 (2048 turns).

snowfan the Firebug (Mummy Fire Elementalist)       Turns: 2048, Time: 00:08:05

Health: 0/30       AC:  3    Str: 11    XL:     4   Next: 40%
Magic:  2/8        EV: 12    Int: 15    God:
Gold:   72         SH:  0    Dex: 12    Spells: 1/8 levels left

rFire    . . .     SeeInvis .   b - +0 spear
rCold    + . .     Gourm    .   (no shield)
rNeg     + + +     Faith    .   a - +0 robe
rPois    ∞         Spirit   .   e - +0 helmet (curse)
rElec    .         Reflect  .   (no cloak)
rCorr    .         Harm     .   (no gloves)
MR       +....                  (no boots)
Stlth    ++........             (no amulet)
HPRegen  0.10/turn              h - ring of protection from magic
MPRegen  0.11/turn              l - ring of protection from fire

@: no status effects
A: no food or potions, fire vulnerability, cold resistance 1, negative energy
resistance 3, torment resistance, unbreathing
a: no special abilities


You were on level 3 of the Dungeon.
You were not hungry.

You visited 1 branch of the dungeon, and saw 4 of its levels.

You collected 72 gold pieces.

Inventory:

Hand Weapons
 b - a +0 spear (weapon)
Missiles
 d - 19 sling bullets
Armour
 a - a +0 robe (worn)
 c - a +0 helmet
 e - a cursed +0 helmet (worn)
Jewellery
 h - a ring of protection from magic (left hand)
 l - a ring of protection from fire (right hand)
Wands
 k - a wand of polymorph (9)
Scrolls
 f - 2 scrolls of teleportation {unknown}
 g - a scroll of identify {unknown}
 i - a scroll of blinking {unknown}
 j - a scroll of immolation {unknown}


   Skills:
 - Level 1.5 Dodging
 - Level 1.5 Stealth
 - Level 2.6 Spellcasting
 - Level 0.7 Conjurations
 + Level 4.3 Fire Magic


You had one spell level left.
You knew the following spells:

 Your Spells              Type           Power        Failure   Level  Hunger
a - Flame Tongue          Conj/Fire      #....        8%          1    N/A
d - Conjure Flame         Conj/Fire      #.......     22%         3    N/A
x - Inner Flame           Hex/Fire       #.......     26%         3    N/A

Your spell library contained the following spells:

 Spells                   Type           Power        Failure   Level  Hunger
 Throw Flame              Conj/Fire      #.....       11%         2    N/A
 Sticky Flame             Conj/Fire      #.......     58%         4    N/A
 Fireball                 Conj/Fire      #.........   90%         5    N/A

Dungeon Overview and Level Annotations

Branches:
Dungeon (4/15)
 Temple: D:4-7

Altars:


Innate Abilities, Weirdness & Mutations

You do not eat or drink.
Your flesh is vulnerable to fire.
You are immune to poison.
Your flesh is cold resistant. (rC+)
You are immune to negative energy. (rN+++)
You are immune to unholy pain and torment.
You can survive without breathing.


Message History

The gnoll is lightly wounded.
The gnoll hits you from afar with a +0 halberd!
* * * LOW HITPOINT WARNING * * *
The rat barely misses you. The rat barely misses you.
You see here 9 gold pieces.
Things that are here:
a +0 club; a gnoll corpse
There is a stone staircase leading down here.
The rat barely misses you.
You climb downwards.
A worker ant comes into view.
The worker ant twitches its antennae in your direction.
There is a stone staircase leading up here.
The rat closely misses you.
You climb upwards.
There is a stone staircase leading down here.
The rat closely misses you.
The gnoll hits you from afar with a +0 halberd.
You die...

.....$......#####
#.......g...?...
#.####r###.##### #..##.###
# #.g##.#.. #. #..##.#.#
.. #..##.#.#
#.#.############..##.#.###
.........@.>..............
...[......r)).....<#g#.##.
...###.###g####..##)#.#
.#.###.###.####..##.#.##.
#.........................
.###.##.###.###...........
# #.# #.# #...##.#.##. #.#
#.# #...##.#.# . #.# #.#
#...##.#.#


You could see a gnoll and a rat.

Vanquished Creatures
  4 gnolls
  An ooze (D:2)
  A worm (D:2)
  A dart slug (D:2)
  2 leopard geckos
  3 giant cockroaches (D:2)
  9 goblins
  7 hobgoblins
  5 kobolds
  A quokka (D:2)
  2 ball pythons (D:2)
  3 bats (D:1)
  2 frilled lizards
  3 rats
44 creatures vanquished.

Notes
Turn   | Place    | Note
-------+----------+-------------------------------------------
     0 | D:1      | snowfan the Mummy Fire Elementalist began the quest for the
                  | Orb.
     0 | D:1      | Reached XP level 1. HP: 13/13 MP: 4/4
     3 | D:1      | Reached skill level 3 in Fire Magic
     3 | D:1      | Reached XP level 2. HP: 11/19 MP: 1/5
   849 | D:2      | Reached XP level 3. HP: 24/24 MP: 1/7
  1545 | D:2      | Learned a level 3 spell: Conjure Flame
  1549 | D:2      | Learned a level 3 spell: Inner Flame
  1835 | D:2      | Reached skill level 4 in Fire Magic
  1976 | D:3      | Reached XP level 4. HP: 25/30 MP: 0/8
  2029 | D:3      | HP: 1/30 [gnoll/+0 halberd (9)]
  2048 | D:3      | Slain by a gnoll

Levels and vault maps discovered:
D:1:      dpeg_arrival_tiny_d, layout_loops_ring
D:2:      cheibrodos_greedy_goblins, layout_basic
D:3:      layout_basic, first_ration, nicolae_ru_great_annihilating_truth
D:4:      layout_loops_cross, serial_shops, nicolae_shop_stone

Skill      XL: |  1  2  3 |
---------------+----------+-----
Fire Magic     | 3 4 |  4.3
Dodging        | |  1.5
Stealth        | |  1.5
Spellcasting   | |  2.6
Conjurations   | |  0.7

Action                   |  1- 3 |  4- 6 || total
-------------------------+-------+-------++-------
Melee: Spear             |    43 |     8 ||    51
 Cast: Flame Tongue      |    60 |     4 ||    64
       Conjure Flame     |     1 |     1 ||     2
 Stab: Sleeping          |     3 |       ||     3
       Distracted        |     1 |       ||     1
Armor: Robe              |    14 |     1 ||    15
Dodge: Dodged            |    34 |    17 ||    51

Table legend:
 A = Non-vault XP
 B = Vault XP
 C = Vault XP percentage of total XP
 D = Non-vault monster count
 E = Vault monster count
 F = Vault count percentage of total count
                 A         B        C        D         E       F
            +---------+---------+-------+---------+---------+-------
      Total |     128 |       9 |   6.6 |      39 |       5 |  11.4
            +---------+---------+-------+---------+---------+-------
        D:1 |      39 |       0 |   0.0 |      15 |       0 |   0.0
        D:2 |      39 |       9 |  18.8 |      18 |       5 |  21.7
        D:3 |      50 |       0 |   0.0 |       6 |       0 |   0.0
            +---------+---------+-------+---------+---------+-------
